 Dungeon Crawl Stone Soup version 0.24.0-2-g5b39cebb1c (webtiles) character file.

Game seed: 5361021397023155712, levelgen mode: deterministic

58 Beldrama the Ruffian (level 4, 0/39 HPs)
             Began as a Ghoul Monk on Oct 29, 2019.
             Slain by a giant cockroach (1 damage)
             ... on level 2 of the Dungeon.
             The game lasted 00:04:29 (1654 turns).

Beldrama the Ruffian (Ghoul Monk)                   Turns: 1654, Time: 00:04:30

Health: 0/39       AC:  2    Str: 15    XL:     4   Next: 2%
Magic:  3/3        EV: 18    Int:  5    God:
Gold:   56         SH:  0    Dex: 16    Spells: 3/3 levels left

rFire    . . .     SeeInvis .     - Unarmed
rCold    + . .     Gourm    .   (no shield)
rNeg     + + +     Faith    .   a - +0 robe
rPois    ∞         Spirit   .   (no helmet)
rElec    .         Reflect  .   (no cloak)
rCorr    .         Harm     .   (no gloves)
MR       .....                  (no boots)
Stlth    +++.......             (no amulet)
HPRegen  0.00/turn              (no ring)
MPRegen  0.08/turn              (no ring)

@: agile, rotting
A: rotting body, claws 1, carnivore, cold resistance 1, negative energy
resistance 3, inhibited regeneration, torment resistance, unbreathing
a: no special abilities


You were on level 2 of the Dungeon.
You were not hungry.

You visited 1 branch of the dungeon, and saw 2 of its levels.

You collected 56 gold pieces.

Inventory:

Missiles
 f - 13 stones (quivered)
Armour
 a - a +0 robe (worn)
Scrolls
 d - a scroll of identify
 e - a scroll of remove curse {unknown}
Comestibles
 b - 3 rations
 c - 6 chunks of flesh


   Skills:
 + Level 3.6 Fighting
 + Level 3.1 Dodging
 + Level 2.3 Stealth
 * Level 4.5 Unarmed Combat


You had 3 spell levels left.
You didn't know any spells.
Your spell library was empty.

Dungeon Overview and Level Annotations

Branches:
Dungeon (2/15)

Altars:
Gozag


Innate Abilities, Weirdness & Mutations

Your body is rotting away.
You thrive on raw meat.
You are immune to poison.
You have sharp fingernails.
You are carnivorous and can eat meat at any time.
Your flesh is cold resistant. (rC+)
You are immune to negative energy. (rN+++)
You do not regenerate when monsters are visible.
You are immune to unholy pain and torment.
You can survive without breathing.


Message History

The bat barely misses you. The bat closely misses you.
The bat barely misses you.
It was a potion of agility.
You feel agile all of a sudden. The bat misses you. The bat barely misses you.
It was a potion of lignification.
You feel woody for a moment. The bat misses you. x2
The bat barely misses you. The bat closely misses you. The bat misses you.
The bat completely misses you. The bat hits you but does no damage.
The bat hits you but does no damage.
The giant cockroach bites you but does no damage.
The bat completely misses you.
There is a stone staircase leading up here.
The bat barely misses you. The bat closely misses you.
The giant cockroach bites you.
You die...

▒∙∙∙∙∙∙∙∙▒∙∙▒
▒∙'▒▒▒▒■∙▒∙∙▒
▒∙▒∙∙∙∙▒∙▒∙∙▒▒▒▒▒▒▒
▒∙▒∙▒▒∙▒∙▒∙∙∙∙∙∙∙∙▒
▒∙▒∙▒▒∙▒∙▒∙∙∙∙∙∙∙∙▒
▒∙▒∙∙∙∙▒∙▒∙∙∙∙∙∙∙∙▒
▒∙'▒▒▒▒■∙▒∙∙∙∙∙∙∙∙▒
▒)∙∙∙∙∙∙∙▒∙∙∙∙∙s∙∙▒▒▒▒▒▒▒
'▒▒▒▒▒▒▒▒■∙∙g∙lb@)∙∙∙∙∙∙▒
∙∙∙∙∙∙∙∙∙∙∙▒▒▒▒▒▒▒∙▒▒▒▒∙▒
∙∙∙∙∙∙∙▒∙∙▒▒ ▒∙∙▒
∙∙∙∙∙∙∙▒▒∙▒ ▒▒▒'▒▒▒
▒∙∙∙∙∙l∙g∙▒ ▒▒∙∙∙∙∙▒▒
▒∙▒∙∙∙g▒▒▒▒ ▒∙∙∙∙∙∙∙▒
▒∙▒∙∙∙∙▒ ▒▒▒∙∙∙∙∙∙∙▒
∙∙▒∙∙∙∙▒▒▒▒▒▒▒∙'∙∙∙▄∙∙∙■
∙∙∙∙∙∙∙∙∙∙∙∙∙∙∙▒∙∙∙∙∙∙∙▒


You could see a gnoll, a leopard gecko, a giant cockroach and a bat.

Vanquished Creatures
  2 gnolls (D:2)
  2 oozes (D:2)
  A worm (D:2)
  A dart slug (D:2)
  An orc (D:2)
  4 bats
  A giant cockroach (D:1)
  2 goblins (D:2)
  3 hobgoblins (D:1)
  2 jackals (D:1)
  2 kobolds
  A quokka (D:2)
  2 frilled lizards
24 creatures vanquished.

Notes
Turn   | Place    | Note
-------+----------+-------------------------------------------
     0 | D:1      | Beldrama the Ghoul Monk began the quest for the Orb.
     0 | D:1      | Reached XP level 1. HP: 19/19 MP: 0/0
   242 | D:1      | Reached XP level 2. HP: 9/26 MP: 1/1
  1482 | D:2      | Reached skill level 4 in Unarmed Combat
  1482 | D:2      | Reached XP level 3. HP: 31/31 MP: 2/2
  1555 | D:2      | Found an opulent altar of Gozag.
  1622 | D:2      | Reached XP level 4. HP: 27/39 MP: 3/3
  1628 | D:2      | HP: 1/39 [gnoll (6)]
  1654 | D:2      | Slain by a giant cockroach

Levels and vault maps discovered:
D:1:      sevenhm_arrival_forest_fort_small_5, layout_basic
D:2:      layout_basic, minivault_11, kennysheep_flooded_box

Skill      XL: |  1  2 |
---------------+-------+-----
Dodging        | 3 |  3.1
Unarmed Combat | 4 |  4.5
Fighting       | |  3.6
Stealth        | |  2.3

Action                   |  1- 3 |  4- 6 || total
-------------------------+-------+-------++-------
Melee: Unarmed           |    79 |     4 ||    83
Throw: Stone             |     1 |       ||     1
  Use: Scroll            |     1 |       ||     1
       Potion            |       |     2 ||     2
 Stab: Sleeping          |     1 |       ||     1
       Distracted        |     1 |       ||     1
  Eat: Chunk             |     3 |       ||     3
Armor: Robe              |    10 |     6 ||    16
Dodge: Dodged            |    63 |    18 ||    81
